 Dungeon Crawl Stone Soup version 0.27-a0-1006-g1fd4cec11e (webtiles) character file.

Game seed: 10682495394462658667

178 1player the Skirmisher (level 5, 44/44 HPs)
             Began as a Human Wanderer on Apr 15, 2021.
             Was an Initiate of Gozag.
             Quit the game in a sewer on Apr 17, 2021.
             The game lasted 00:17:51 (3963 turns).

1player the Skirmisher (Human Wanderer)             Turns: 3963, Time: 00:17:52

Health: 44/44      AC:  2    Str: 12    XL:     5   Next: 89%
Magic:  5/5        EV: 11    Int: 11    God:    Gozag
Gold:   90         SH:  5    Dex: 15    Spells: 1/4 levels left

rFire    . . .     SeeInvis .   a - +2 dagger
rCold    . . .     Faith    .   (no shield)
rNeg     . . .     Spirit   .   e - +0 robe
rPois    .         Reflect  +   (no helmet)
rElec    .         Harm     .   (no cloak)
rCorr    .         Rampage  .   (no gloves)
Will     .....                  (no boots)
Stlth    ++........             m - amulet of reflection
HPRegen  0.14/turn              (no ring)
MPRegen  0.09/turn              (no ring)

@: no status effects
A: no striking features
a: Renounce Religion, Potion Petition, Call Merchant, Bribe Branch


You were in a sewer.
You worshipped Gozag.
Gozag was noncommittal.
You visited 1 branch of the dungeon, and saw 4 of its levels.
You also visited: Sewer.

You collected 187 gold pieces.
You spent 70 gold pieces at shops.
You paid 27 gold pieces to Gozag.

Inventory:

Hand Weapons
 a - a +2 dagger (weapon)
Armour
 e - a +0 robe (worn)
Jewellery
 m - an amulet of reflection (around neck)
Scrolls
 b - 2 scrolls of blinking
 f - a scroll of enchant armour {unknown}
 i - a scroll of enchant weapon
 k - 4 scrolls of teleportation
 l - a scroll of fog {unknown}
Potions
 d - 3 potions of curing {@q1}
 g - a potion of attraction


   Skills:
 - Level 5.1 Fighting
 - Level 2.0 Polearms
 + Level 1.0 Dodging
 - Level 2.0 Stealth
 - Level 1.0 Shields
 * Level 3.0 Translocations
 - Level 1.0 Evocations


You had one spell level left.
You knew the following spells:

 Your Spells              Type           Power      Damage    Failure   Level
a - Shock                 Conj/Air       0%         1d3       34%         1
z - Blink                 Tloc           N/A        N/A       16%         2

Your spell library contained the following spells:

 Spells                   Type           Power      Damage    Failure   Level
 Apportation              Tloc           12%        N/A       11%         1
 Animate Skeleton         Necr           0%         N/A       34%         1
 Corona                   Hex            0%         N/A       34%         1
 Foxfire                  Conj/Fire      0%         2x1d4     34%         1
 Magic Dart               Conj           0%         1d3       34%         1
 Pain                     Necr           0%         1d4       34%         1
 Summon Small Mammal      Summ           0%         N/A       34%         1
 Call Imp                 Summ           0%         N/A       47%         2
 Slow                     Hex            0%         N/A       47%         2
 Conjure Flame            Conj/Fire      0%         6-21      71%         3
 Inner Flame              Hex/Fire       0%         N/A       71%         3
 Mephitic Cloud           Conj/Pois/Air  0%         N/A       71%         3
 Vampiric Draining        Necr           0%         2d6       71%         3
 Animate Dead             Necr           0%         N/A       98%         4
 Sticky Flame             Conj/Fire      0%         2d3       98%         4
 Agony                    Necr           0%         N/A       100%        5
 Fireball                 Conj/Fire      0%         3d3       100%        5


Dungeon Overview and Level Annotations

Branches:
Dungeon (4/15)              Sewer (1/1)
 Temple: D:4-7

Altars:
Gozag

Shops:
D:1 (   D:3 (?[


Message History

You miss the water moccasin.
The water moccasin is almost dead.
The water moccasin barely misses you.
You hit the water moccasin.
You kill the water moccasin!
Your Fighting skill gained 2 levels and is now at level 5!
You have reached level 5!
You cannot move.
Unknown command.
Unknown command.
Okay, then.
Unknown command.
You start resting.
You feel less wooden.
Your +0 robe unmelds from your body.
You start resting.
HP restored.
You now have 90 gold pieces (gained 4).
Found a gate leading back out of this place.
Really walk into a travel-excluded area? [Y]es or [N]o only, please.
Really walk into a travel-excluded area? [Y]es or [N]o only, please.
Really walk into a travel-excluded area? [Y]es or [N]o only, please.
Really walk into a travel-excluded area? [Y]es or [N]o only, please.
Really walk into a travel-excluded area? [Y]es or [N]o only, please.
Really walk into a travel-excluded area?
Okay, then.
Unknown command.
Unknown command.
Unknown command.
Unknown command.
Save game and exit?
Welcome back, 1player the Human Wanderer.
Gozag says: Greed is good.
Press ? for a list of commands and other information.
Are you sure you want to abandon this character and quit the game? (Confirm with "yes".)

. $ ...
$.....#############
$.........@.......∩
$$.....####.########
$ ... #.# . #.# #.#
#.# #.# ##.##
##...##


There were no monsters in sight!

Vanquished Creatures
  A water moccasin (Sewer)
  A dart slug (D:3)
  An orc (D:4)
  11 bats
  4 endoplasms (D:1)
  3 goblins (D:1)
  6 hobgoblins
  10 jackals
  3 quokkas
  5 frilled lizards
  4 kobolds
  9 rats
58 creatures vanquished.

Notes
Turn   | Place    | Note
-------+----------+-------------------------------------------
     0 | D:1      | 1player the Human Wanderer began the quest for the Orb.
     0 | D:1      | 1player set off with the following items: a +2 dagger, a
                  | scroll of blinking, a potion of curing {@q1}, a +0 robe;
                  | and the following spell memorised: Shock; and the following
                  | spells available to memorise: Mephitic Cloud
     0 | D:1      | Reached XP level 1. HP: 13/13 MP: 1/1
   213 | D:1      | Reached skill level 1 in Fighting
   372 | D:1      | Found Gientas's Antique Weapon Emporium.
   451 | D:1      | Reached XP level 2. HP: 18/21 MP: 2/2
   750 | D:1      | Reached skill level 2 in Fighting
   998 | D:1      | Reached XP level 3. HP: 28/28 MP: 3/3
  1842 | D:2      | Reached skill level 3 in Fighting
  2159 | D:3      | Found Goduv's Magic Scroll Shoppe.
  2177 | D:3      | Bought a scroll of identify for 28 gold pieces
  2177 | D:3      | Bought a scroll of teleportation for 42 gold pieces
  2315 | D:3      | Found an opulent altar of Gozag.
  2408 | D:3      | Reached XP level 4. HP: 15/35 MP: 4/4
  2615 | D:3      | Found Wumomig's Weapon Boutique.
  2993 | D:3      | Learned a level 2 spell: Blink
  3203 | D:3      | Became a worshipper of Gozag Ym Sagoz the Greedy
  3349 | D:3      | Found Acablofa's Antique Armour Shoppe.
  3568 | D:4      | Found a glowing drain.
  3675 | Sewer    | Entered a sewer
  3822 | Sewer    | Noticed a water moccasin
  3860 | Sewer    | Killed a water moccasin
  3861 | Sewer    | Reached skill level 5 in Fighting
  3861 | Sewer    | Reached XP level 5. HP: 44/44 MP: 5/5
  3963 | Sewer    | Upgraded the game from 0.27-a0-988-g25969acef8 to
                  | 0.27-a0-1006-g1fd4cec11e
  3963 | Sewer    | Quit the game

Illustrated notes

Levels and vault maps discovered:
D:1:      wander_arrival_desolate, layout_loops_corners, serial_shops, shop
D:2:      layout_rooms, kennysheep_potato
D:3:      layout_basic, grunt_gozag_statues, serial_shops, nicolae_shop_stone,
          shop, shop_fountains, minivault_19, lemuel_another_geyser
D:4:      layout_layer_cave, cheibrodos_sewer_entry_bend, serial_shops,
          nicolae_shop_behind_doors, uniq_eustachio
Sewer:    sewer_big_baddie

Skill      XL: |  1  2  3  4 |
---------------+-------------+-----
Fighting       | 1 2 3 5 |  5.1
Polearms       | |  2.0
Dodging        | |  1.0
Stealth        | |  2.0
Shields        | |  1.0
Translocations | |  3.0
Evocations     | |  1.0

Action                   |  1- 3 |  4- 6 || total
-------------------------+-------+-------++-------
Melee: Dagger            |   155 |    99 ||   254
 Cast: Blink             |       |     1 ||     1
  Use: Scroll            |     2 |     1 ||     3
       Potion            |       |     1 ||     1
 Stab: Sleeping          |     6 |     1 ||     7
       Distracted        |       |     1 ||     1
Armor: Robe              |    48 |    10 ||    58
       Skin              |       |    18 ||    18
Dodge: Dodged            |    85 |    43 ||   128
Block: Other             |       |     8 ||     8

Table legend: (Time is in decaauts)
 A = Elapsed time spent in this place.
 B = Non-inter-level travel time spent in this place.
 C = Inter-level travel time spent in this place.
 D = Time resting spent in this place.
 E = Time spent auto-exploring this place.
 F = Levels seen in this place.
 G = Mean time per level.
                   A        B        C        D        E       F      G
               +--------+--------+--------+--------+--------+-----+--------+
         Total |   3968 |   3823 |    145 |   1468 |   1112 |   5 |  793.6 |
       Dungeon |   3680 |   3535 |    145 |   1276 |   1109 |   4 |  920.0 |
         Sewer |    287 |    287 |      0 |    192 |      3 |   1 |  287.0 |
               +--------+--------+--------+--------+--------+-----+--------+

Top non-repeatable levels by time:
     D:1: 1717 daAuts
     D:3: 1387 daAuts
     D:2: 441 daAuts
   Sewer: 287 daAuts
     D:4: 133 daAuts
